[Event "American Cup Women Champions 2023"]
[Site "Saint Louis"]
[Date "2023.03.22"]
[Round "3.4"]
[White "Krush, Irina"]
[Black "Lee, Alice"]
[Result "1-0"]
[ECO "D35"]
[WhiteElo "2432"]
[BlackElo "2362"]
[Annotator "TA"]
[PlyCount "81"]
[EventDate "2023.03.15"]
[EventType "k.o."]
[EventCountry "USA"]
[SourceTitle "playchess.com"]
[Source "ChessBase"]
[SourceQuality "1"]
[TimeControl "600+5"]

1. d4 d5 2. c4 e6 3. Nc3 Be7 4. cxd5 exd5 5. Bf4 Nf6 6. e3 {[%emt 0:00:05] D35: Queen's Gambit Declined: Exchange Variation.} Bd6 {[%emt 0:00:05] 6...Bf5 gains popularity.} 7. Qf3 c6 8. Bd3 {[%emt 0:00:05] [#] White has an edge.} O-O $146 (8... Bg4 $5 9. Qg3 Bxf4 10. Qxf4 O-O $11) ({Predecessor:} 8... Bg4 9. Qg3 Bxf4 10. Qxf4 Nbd7 11. Nf3 Bh5 12. Nh4 Bg6 13. Nxg6 hxg6 14. h4 Qb8 {1-0 Peng,L (2501)-Akesson,R (2427) Uppsala 08 2022 (2)}) 9. h3 Na6 10. Nge2 Nc7 11. g4 Ne6 12. O-O-O (12. Bxd6 $14 Qxd6 13. h4) 12... b5 (12... Nxf4 $11 13. Nxf4 Bb4) 13. g5 (13. Bxd6 $14 Qxd6 14. Ng3) 13... Ne8 $1 $11 14. h4 (14. Qh5 g6 15. Qh4 Nxf4 16. Nxf4 Ng7 $17) 14... b4 {[%emt 0:00:05] White must now prevent ...Nxf4.} 15. Na4 (15. Qh5 $2 g6 16. Qh6 bxc3 $19) 15... Qa5 16. b3 Bd7 (16... Ba6 $1 $11 {keeps the balance.}) 17. Kb1 $40 {[%emt 0:00:05][%mdl 128] White attacks. White is more active.} Nxf4 18. Nxf4 Nc7 $2 (18... Qc7 $16 {keeps fishing.}) 19. Rc1 $2 (19. Nh5 $18 {and the rest is easy.}) 19... Nb5 $2 (19... Ne8 $16) 20. Ne2 $2 (20. Qh5 g6 21. Qh6 Bxf4 $18) (20. Nh5 $18 {has better winning chances.} f5 21. gxf6) 20... Rab8 ({Better is} 20... Na3+ 21. Ka1 f5) 21. h5 (21. Qh5 g6 22. Qf3 Nc3+ 23. Naxc3 (23. Nexc3 bxc3 24. Nxc3 Qa3 $14) 23... bxc3 $14) (21. Nc5 $16 Bc8 22. Rhg1 (22. Qh5 g6 $14)) 21... Nc3+ $2 22. Naxc3 bxc3 23. Rxc3 $2 ({White must play} 23. h6 $18 f5 24. hxg7 (24. Rxc3 g6 $11)) 23... Bb4 $2 {[%emt 0:00:39][%mdl 8192] [#]} (23... f5 $14) 24. h6 $1 $18 f5 25. hxg7 {[%emt 0:01:11][%cal Of3h5] Qh5! would kill now.} Rf7 26. Rc2 (26. g6 $142 hxg6 27. Rh8+ {[%mdl 64] Skewer} Kxg7 28. Rxb8) 26... Rxg7 27. Ng3 {[%emt 0:00:31][%cal Be2g3,Bg3h5,Bh5f6][%mdl 32] aiming for Nh5.} (27. Bxf5 Rf8 28. Ng3 Qd8 29. Rxh7 Qxg5 $18) 27... Bc3 {[%emt 0:00:09][%cal Ob8b3] [#] And now ...Rxb3+! would win.} 28. Rxc3 Qxc3 {[%emt 0:00:02] [#]} 29. Bc2 (29. Bxf5 $2 Rf8 30. Qe2 Bxf5+ $19) 29... Rf7 $2 (29... Rxg5 $2 30. Qf4 $18 (30. Bxf5 $2 Bxf5+ {[%mdl 64] Remove Defender} 31. Nxf5 Qd3+ 32. Kc1 Qxf5 $19) (30. Bxf5 $2 Bxf5+ {[%mdl 64] Remove Defender} 31. Nxf5 Qd3+ 32. Kc1 Qxf5 $19)) (29... Qb4 30. Nh5 (30. Nxf5 Bxf5 31. Qxf5 Qe7 $16) (30. Bxf5 Rf8 $11) 30... Qe7 31. Nxg7 (31. Bxf5 Bxf5+ 32. Qxf5 Rf7 $18) 31... Qxg7 32. Bxf5 Bxf5+ 33. Qxf5 Qg6 34. Qxg6+ hxg6) 30. Nh5 Kf8 31. Nf6 Ke7 32. Qf4 Rb7 33. Qe5+ Kd8 34. g6 (34. Bxf5 Bxf5+ 35. Qxf5 Rxb3+ 36. axb3 Qxb3+ 37. Kc1 Rb7 38. Rxh7 (38. Nxh7 $2 Qb2+ 39. Kd1 Qa1+ {[%mdl 64] Skewer} 40. Ke2 Rb2+ 41. Kf3 Qxh1+ 42. Kg4 Qg1+ 43. Kh5 Rxf2 $19) 38... Qc4+ 39. Qc2 (39. Kd1 Qf1+ 40. Kd2 Rb2+ {[%mdl 64] Skewer}) 39... Qf1+ 40. Kd2 Qxf2+ 41. Kd3 Qf1+ 42. Kd2 Qf2+ 43. Kd3 Qf1+ 44. Kd2 Qf2+ $11) 34... Re7 35. gxh7 Rxe5 36. dxe5 (36. h8=R+ $2 Re8 37. Nxe8 Bxe8 $19) 36... Kc7 37. h8=Q {[%emt 0:00:02] White wants to mate with Nxd7.} (37. h8=B $2 {is the wrong capture.} Qd2 38. Nxd7 Kxd7 $19) 37... a5 38. Nxd7 {[%emt 0:00:05] White mates.} a4 39. Qg7 ({And not} 39. Bxf5 axb3 40. a3 Qd2 $11) 39... a3 40. Nc5+ (40. Bxf5 $2 Qb2#) 40... Kb6 41. Na4+ {[%emt 0:00:03] Weighted Error Value: White=1.03/Black=0.89} (41. Nxb7 $2 Qb2#) 1-0

[Event "American Cup Women Champions 2023"]
[Site "Saint Louis"]
[Date "2023.03.24"]
[Round "4.1"]
[White "Krush, Irina"]
[Black "Lee, Alice"]
[Result "1-0"]
[ECO "A22"]
[WhiteElo "2432"]
[BlackElo "2362"]
[Annotator "TA"]
[PlyCount "95"]
[EventDate "2023.03.15"]
[EventCountry "USA"]
[SourceTitle "playchess.com"]
[Source "ChessBase"]
[SourceQuality "1"]
[TimeControl "40/5400+30:1800+30"]

1. c4 e5 2. Nc3 Nf6 3. Nf3 e4 4. Ng5 c6 5. Ngxe4 Nxe4 6. Nxe4 {[%emt 0:00:07] A22: English Opening: 1...e5 2 Nc3 Nf6.} d5 7. cxd5 cxd5 8. Ng3 {[%emt 0:00:06] White is better.} (8. Qa4+ $2 Bd7 9. Qd4 dxe4 10. Qxe4+ Be7 $19) 8... h5 9. e3 h4 10. Bb5+ (10. Ne2 $1 $16) 10... Nc6 $11 11. Ne2 {[%emt 0:00:25] [#]} Bd6 $146 ({Predecessor:} 11... h3 12. g3 a6 13. Bxc6+ bxc6 14. Qa4 Qf6 15. Qf4 Qe6 16. Nd4 Qg6 17. Qe5+ Be7 {½-½ Nyzhnyk,I (2674)-Sevian,S (2684) Saint Louis Spring-A 2022 (1)}) 12. O-O Qf6 13. f3 Bd7 14. d4 O-O-O 15. Bd2 Bc7 16. Bd3 Qd6 17. f4 $1 g5 18. Qb3 (18. fxg5 $2 Qxh2+ 19. Kf2 h3 $19) 18... Rhg8 19. Kh1 g4 20. Rfc1 {[%emt 0:02:35] White is more active.} Qf6 (20... Kb8 $14) 21. Qxd5 g3 (21... Kb8 $16 22. Qb3 h3) 22. Qf3 (22. Be4 $1 $18) 22... Bg4 $16 {[%emt 0:01:38] [#]} 23. Qf1 Bxe2 (23... Kb8 $16 24. Rc2 (24. hxg3 $2 Bxe2 {[%mdl 64] Remove Defender} 25. Qxe2 hxg3 $19) 24... Qe7) 24. Bxe2 $18 h3 25. Bf3 (25. gxh3 $2 g2+ $19) 25... hxg2+ 26. Bxg2 (26. Qxg2 $6 gxh2 27. Qf2 (27. Qxh2 $2 Rh8 $19) 27... Kb8 $18) 26... gxh2 27. Qf3 Rg6 {[%emt 0:02:40] ...Rdg8 is the strong threat.} 28. Rc2 {[%emt 0:02:01] d5 would be deadly.} (28. Kxh2 $2 Rh8+ 29. Bh3+ Kb8 $19) 28... Rdg8 29. Be1 Kb8 30. Rac1 (30. Kxh2 $2 Qf5 31. Rac1 Rh6+ 32. Kg1 Rh3 $19) (30. d5 $142) 30... Qf5 31. b4 (31. Kxh2 $2 Rh6+ 32. Kg1 Rh3 $19) 31... Bd6 32. a4 {[%emt 0:01:44] Black must now prevent b5.} (32. Kxh2 $2 Rh6+ 33. Kg1 Rh3 $19) 32... f6 $2 {[%emt 0:00:34] Black cannot hold the game after this.} (32... Qg4 $16) 33. b5 {[%emt 0:01:21] White is clearly winning.} (33. Kxh2 $2 {loses.} Rh6+ 34. Kg1 Rh3 $19) 33... Ba3 34. bxc6 {[%emt 0:00:35] c7+ would kill now.} Rxg2 35. Rxg2 Rxg2 36. c7+ Kc8 37. Qxg2 {[%emt 0:00:33] White wants to mate with Qg8+.} Bxc1 {[%emt 0:00:08][%mdl 4096] Endgame KQB-KQB} 38. Qg8+ (38. Kxh2 Bxe3 39. Qg8+ Kxc7 $15) 38... Kxc7 39. Qc4+ ({Stronger than} 39. Kxh2 Bxe3 40. Qf7+ Qd7 41. Qc4+ Kb8 $15) 39... Kd7 40. Qxc1 Qh3 41. Bd2 Qf3+ 42. Kxh2 Qf2+ 43. Kh1 Qf3+ 44. Kg1 Qg3+ {[%emt 0:00:09] [#]} 45. Kf1 $1 Qf3+ 46. Ke1 f5 47. Qc4 Qg3+ 48. Kd1 {[%emt 0:00:37] Excellently played by Krush!   Weighted Error Value: White=0.33/Black=0.36} 1-0

[Event "American Cup Women Champions 2023"]
[Site "Saint Louis"]
[Date "2023.03.25"]
[Round "4.1"]
[White "Lee, Alice"]
[Black "Krush, Irina"]
[Result "0-1"]
[ECO "E11"]
[WhiteElo "2362"]
[BlackElo "2432"]
[Annotator "TA"]
[PlyCount "144"]
[EventDate "2023.03.15"]
[EventCountry "USA"]
[TimeControl "600+5"]

1. d4 Nf6 2. c4 e6 3. Nf3 Bb4+ 4. Bd2 Bxd2+ 5. Qxd2 d5 6. Nc3 O-O 7. e3 a6 {[%emt 0:00:05] E11: Bogo-Indian.} 8. cxd5 exd5 9. Bd3 Nc6 {[%emt 0:00:02] [#] The position is equal.} 10. Rc1 $146 ({Predecessor:} 10. h3 Re8 11. O-O-O Ne4 12. Bxe4 dxe4 13. Ne5 f6 14. Nxc6 bxc6 15. g4 Be6 16. Rdg1 {1-0 Vaglio Mattey,E (2142)-Vaglio Munoz,J (2230) San Jose op 2013 (9)}) 10... Re8 11. O-O Bg4 12. Ne1 Qd6 13. f3 Bh5 14. f4 Ng4 15. Nc2 {[%emt 0:00:18] Hoping for h3.} Bg6 16. Be2 Bxc2 (16... Bf5 $11) 17. Bxg4 $14 Be4 18. f5 f6 19. Rf4 Re7 20. Nxe4 dxe4 21. Bd1 Nb4 22. Bb3+ Kh8 $1 23. Rh4 (23. Rcf1 {simplifies} Nd5 24. Bxd5 Qxd5 25. Qb4) 23... Nd3 24. Rf1 c5 (24... h6 $14) 25. dxc5 $2 ({Better is} 25. Be6 $16) 25... Qxc5 $15 26. Qe2 {[%emt 0:00:07][%cal Oh4h7] White wants to mate with Rxh7+! White is weak on the dark squares} h6 27. Be6 Qe5 28. b3 Nc5 {[%emt 0:00:11] Black is more active.} 29. Qc2 (29. Qc4 $1 $15) 29... Rd8 (29... Rae8 $17 30. Qc4 b5) 30. b4 $1 $11 Nxe6 31. Rxe4 $1 {[%emt 0:00:03] [#]} Qd6 32. fxe6 Rxe6 33. Rd4 Qe7 34. Qc5 (34. Rxd8+ $11 Qxd8 35. Re1) 34... Red6 (34... Rxe3 $2 35. Rxd8+ Qxd8 36. Qxe3 $18) 35. Rxd6 Qxd6 36. Qxd6 Rxd6 $15 {[%emt 0:00:01][%mdl 4096] Endgame KR-KR} 37. Rc1 Rd2 (37... Rd3 $1 $15 38. e4 Kh7) 38. a4 $11 Rb2 39. Rc4 b5 40. Rc8+ Kh7 41. a5 ({Much worse is} 41. axb5 axb5 42. Rb8 Rxb4 $17) 41... Rxb4 {[%emt 0:00:07] aiming for ...Ra4.} 42. Rc6 Ra4 43. Rxa6 Ra2 44. Ra8 Kg6 45. a6 h5 46. Rb8 Rxa6 {[%emt 0:00:07] And now ...Ra1+ would win.} 47. Rxb5 Ra2 48. Kf1 Rc2 49. e4 (49. h4 $11) 49... Rc4 $1 $15 50. e5 Rf4+ 51. Kg1 Rf5 52. Rb6 Rxe5 53. Rb7 h4 54. Kf2 (54. Rb4 $1 $15) 54... Rf5+ 55. Ke3 {[%emt 0:00:05] [#]} h3 56. gxh3 (56. g4 $5 Rf1 57. Rb5 $15) 56... Rh5 57. Kf3 (57. Kf2 $1 $11) 57... Rxh3+ $17 {[%emt 0:00:02] White is on the road to losing.} 58. Kg2 Rc3 59. Kf2 Kh6 60. Rf7 Rc5 61. Kg3 f5 62. Kf4 g6 63. h4 $2 (63. Kg3 $17) 63... Rc3 {[%emt 0:00:11] Black mates.} 64. Rf8 Rh3 65. h5 Rh4+ ({Don't play} 65... Kxh5 66. Rh8#) 66. Ke5 Kxh5 ({Worse is} 66... gxh5 67. Kf6 Kh7 68. Rb8 $11) 67. Rg8 Ra4 68. Kf6 Ra6+ 69. Ke5 Kg4 70. Rf8 Ra5+ 71. Kf6 f4 72. Kxg6 f3 {[%emt 0:00:00] Weighted Error Value: White=0.19 (very precise) /Black=0.16 (very precise)} 0-1

[Event "American Cup Women Champions 2023"]
[Site "Saint Louis"]
[Date "2023.03.25"]
[Round "4.2"]
[White "Krush, Irina"]
[Black "Lee, Alice"]
[Result "1/2-1/2"]
[ECO "A44"]
[WhiteElo "2432"]
[BlackElo "2362"]
[Annotator "TA"]
[PlyCount "137"]
[EventDate "2023.03.15"]
[EventCountry "USA"]
[SourceTitle "playchess.com"]
[Source "ChessBase"]
[SourceQuality "1"]
[TimeControl "600+5"]

1. d4 g6 2. c4 Bg7 3. e4 c5 4. d5 d6 5. Nc3 e5 6. Bd3 Ne7 7. h3 {[%emt 0:00:51] A44: Semi-Benoni.} O-O 8. g4 f5 9. gxf5 {[%emt 0:00:10] White is slightly better.} gxf5 10. Nf3 f4 11. Bd2 Ng6 {[%emt 0:00:17] [#]} 12. Qe2 $146 ({White should play} 12. h4 $16) ({Predecessor:} 12. a3 a6 13. b4 b6 14. Rb1 Bf6 15. bxc5 bxc5 16. Bc2 Rf7 17. Ba4 Nd7 18. Ke2 {1-0 Novikov,I (2580)-Georg,M (2345) Cairo-A 1997 (5)}) 12... Nh4 13. O-O-O Nd7 14. Rdg1 {[%emt 0:00:04] next Ng5 is good for White.} Nxf3 15. Qxf3 Rf7 16. Be2 a6 17. Qg2 Nf8 (17... Nf6 $11) 18. Bh5 $16 Re7 {[%emt 0:00:03][%cal Ob7b5] Black is weak on the light squares} 19. Qg5 {[%emt 0:00:05] Threatens to win with Na4.} Bd7 {[%emt 0:00:37] Prevents Na4} (19... Kh8 $16) 20. f3 ({White should try} 20. Qf6 $18) 20... Be8 21. Be1 {[%emt 0:00:23] White is much more active.} Bxh5 22. Qxh5 Qe8 23. Qg4 Rc7 24. Rg2 b5 (24... Ng6 $2 25. h4 Nf8 26. Rhg1 $18) 25. Rhg1 {[%emt 0:00:06][%cal Rg4g7] White threatens Qxg7+ and mate.} Kh8 (25... Ng6 $2 26. h4 $18) 26. h4 b4 27. Nd1 Qa4 $2 (27... Rf7 $16 {was called for.}) 28. b3 Qd7 29. Qh5 (29. Qf5 $1 $18 {and the rest is easy.} Qd8 30. h5) 29... Qe8 30. Qf5 Rf7 {[%emt 0:00:23] Inhibits Qf6.} 31. Qh5 (31. Qh3 $16) 31... Re7 (31... Rc7 $11 {keeps the balance.} 32. Qh6 Ng6) 32. Qxe8 Raxe8 33. h5 Nd7 (33... h6 $16) 34. Bh4 ({Better is} 34. Kc2 $14) 34... Rf7 (34... Bf6 $11 {remains equal.} 35. Bg5 Rg8) 35. Nf2 Bf6 $2 (35... Rb8 $16 {is more resistant.}) 36. Bxf6+ $2 (36. Ng4 $1 $18 {[%cal Rg4h6] Threatening mate with Nh6.} Bg7 37. h6) 36... Nxf6 $11 37. Rg5 Rg8 38. h6 Rff8 39. Kd2 Rxg5 40. Rxg5 Rg8 {[%emt 0:00:01] Inhibits Rg7.} 41. Rxg8+ Kxg8 {[%emt 0:00:02][%mdl 4096] Endgame KN-KN} 42. Nh3 $1 Kf7 43. Ng5+ $1 Kg6 44. Ne6 Kxh6 45. Nc7 a5 (45... Kg6 $15) 46. Nb5 Ne8 {[%emt 0:00:01] ...Kg5 would be deadly.} 47. Na7 Kg5 {[%emt 0:00:08] White must now prevent ...Kh4.} 48. Ke2 $1 Kh4 49. Kf2 h5 50. Kg2 Kg5 51. Nc6 Kf6 52. Nxa5 Ke7 53. Nc6+ Kd7 $2 (53... Kf6 $11) 54. Kh3 $18 Ng7 $2 (54... Nf6 {is a better defense.}) 55. Kh4 Ke8 56. Kg5 $2 (56. Na7 $1 $18 {Nb5 is the strong threat.} Ke7 57. Kg5) 56... Kd7 $2 (56... Kf7 $1 $11) 57. Nb8+ Kc7 (57... Kc8 $5 58. Nc6 $8 Kd7 $16) 58. Nc6 {[%emt 0:00:03] aiming for Ne7.} Kd7 {[%emt 0:00:11] [#] Prevents Ne7} 59. Nb8+ $2 (59. Na7 $1 $16) 59... Kc8 $11 60. Nc6 Kc7 $2 {[%emt 0:00:01][%mdl 8192] [#]} (60... Kd7 $11) 61. Ne7 $1 $18 Kd7 62. Nf5 $2 ({Only move:} 62. Ng6 $18 {Hoping for Kh6.} Ne8 63. Nh4 (63. Kxh5 Nf6+ 64. Kh4 Ke8 $14)) 62... Ne8 $2 (62... Nxf5 $11 63. Kxf5 (63. exf5 $2 {too greedy.} Ke7 $19) 63... Ke7) 63. Kxh5 Nc7 64. Kg5 Ne8 65. Nh6 (65. Kg6 $142 Nc7 66. Kf7 Na8 67. Ng7 Kd8 68. Ke6 Nb6 69. Kxd6 Nc8+ 70. Kxe5) 65... Nc7 66. Nf5 Ne8 67. Nh6 Nc7 68. Nf5 (68. Kf6 $142 Na6 69. Nf7 Nb8 70. Nxe5+ dxe5 71. Kxe5 Ke8 72. Kxf4 Nd7 73. e5) 68... Ne8 69. Nh6 $2 {[%emt 0:00:08] Weighted Error Value: White=0.46/Black=0.49} (69. Kg6 $18 Nc7 70. Kf6) 1/2-1/2